 Dungeon Crawl Stone Soup version 0.24-a0-447-ge8da9206dc (webtiles) character file.

Game seed: 9424918757008910069

156 EnegeticOcto the Skirmisher (level 5, -1/46 HPs)
             Began as a Mummy Chaos Knight on June 25, 2019.
             Was a Follower of Ashenzari.
             Slain by a phantom (2 damage)
             ... on level 4 of the Dungeon.
             The game lasted 00:02:26 (2774 turns).

EnegeticOcto the Skirmisher (Mummy Chaos Knight)    Turns: 2774, Time: 00:02:26

Health: -1/46      AC:  6    Str: 16    XL:     5   Next: 14%
Magic:  5/5        EV:  9    Int: 12    God:    Ashenzari [*.....]
Gold:   114        SH:  0    Dex: 11    Spells: 4/4 levels left

rFire    x . .     SeeInvis .   a - +0 spear (chaos)
rCold    + . .     Gourm    .   (no shield)
rNeg     + + +     Faith    .   h - +0 scale mail (curse)
rPois    ∞         Spirit   .   (no helmet)
rElec    .         Reflect  .   (no cloak)
rCorr    .         Harm     .   (no gloves)
MR       .....                  (no boots)
Stlth    +.........             (no amulet)
HPRegen  0.15/turn              d - ring of stealth
MPRegen  0.09/turn              (no ring)

@: no status effects
A: no food or potions, fire vulnerability, cold resistance 1, negative energy
resistance 3, torment resistance, unbreathing
a: Curse Item, Scrying, Renounce Religion


You were on level 4 of the Dungeon.
You worshipped Ashenzari.
Ashenzari was aware of your devotion.
You were not hungry.

You visited 1 branch of the dungeon, and saw 4 of its levels.

You collected 114 gold pieces.

Inventory:

Hand Weapons
 a - a +0 spear of chaos (weapon)
Missiles
 k - 28 arrows
Armour
 b - a +2 leather armour
 h - a cursed +0 scale mail (worn)
Jewellery
 d - a ring of stealth (left hand)
Scrolls
 c - 4 scrolls of remove curse {@r2}
 e - a scroll of enchant weapon {unknown}
 f - a scroll of fog {unknown}
 g - 3 scrolls of identify {unknown}
 i - a scroll of blinking {unknown}
 j - 3 scrolls of fear {unknown}
 l - a scroll of amnesia {unknown}


   Skills:
 + Level 5.9 Fighting
 - Level 2.4 Polearms
 - Level 1.5 Armour
 - Level 0.7 Dodging


You had 4 spell levels left.
You didn't know any spells.
Your spell library was empty.

Dungeon Overview and Level Annotations

Branches:
Dungeon (4/15)
 Temple: D:4-7

Altars:
Ashenzari
Gozag
Sif Muna
Uskayaw


Innate Abilities, Weirdness & Mutations

You do not eat or drink.
Your flesh is vulnerable to fire.
You are immune to poison.
Your flesh is cold resistant. (rC+)
You are immune to negative energy. (rN+++)
You are immune to unholy pain and torment.
You can survive without breathing.


Message History

You barely miss something. Something hits you.
You hit something but do no damage. Something hits you.
You miss something. Something hits you but does no damage.
You barely miss something. Something hits you.
You miss something.
You swing at nothing.
You swing at nothing.
You swing at nothing.
Something hits you but does no damage.
You swing at nothing.
Something completely misses you.
You swing at nothing.
You swing at nothing.
You swing at nothing.
You swing at nothing.
You swing at nothing.
You swing at nothing.
Something hits you.
You miss something. Something hits you.
You swing at nothing.
Something hits you.
You barely miss something. Something hits you.
You swing at nothing.
You swing at nothing.
Something hits you but does no damage.
You swing at nothing.
A phantom appears from thin air!
Reactivating autopickup.
The phantom hits you but does no damage.
You swing at nothing.
The phantom completely misses you.
You swing at nothing.
The phantom hits you but does no damage.
You swing at nothing.
The phantom misses you.
You hit the phantom. Lightning courses through the phantom!!
The phantom is heavily damaged.
The phantom barely misses you.
You closely miss the phantom.
The phantom is heavily damaged.
The phantom closely misses you.
You are too injured to fight recklessly!
You are too injured to fight recklessly!
You are too injured to fight recklessly!
You are too injured to fight recklessly!
You are too injured to fight recklessly!
Your scale mail prevents you from hitting the phantom.
The phantom is heavily damaged.
The phantom barely misses you.
You closely miss the phantom.
The phantom is heavily damaged.
The phantom blinks!
Attack whom?
Press: ? - help, Dir - move target cursor, f/p - phantom
Aim: a phantom (heavily damaged)
You reach to attack!
You hit the phantom.
The phantom's magic leaks into the air.
The phantom is severely damaged.
Attack whom?
Press: ? - help, Dir - move target cursor, f/p - phantom
Aim: a phantom (severely damaged)
You hit the phantom. You burn the phantom.
The phantom is severely damaged.
The phantom hits you.
The phantom blinks!
The phantom blinks!
You closely miss the phantom.
The phantom is severely damaged.
The phantom barely misses you.
You hit the phantom. You burn the phantom.
The phantom is severely damaged.
The phantom hits you!
* * * LOW HITPOINT WARNING * * *
The phantom blinks!
The phantom blinks!
Attack whom?
Press: ? - help, Dir - move target cursor, f/p - phantom
Aim: a phantom (severely damaged)
You reach to attack!
You barely miss the phantom.
The phantom is severely damaged.
You hit the phantom.
The phantom is almost destroyed.
The phantom blinks!
Attack whom?
Press: ? - help, Dir - move target cursor, f/p - phantom
Aim: a phantom (almost destroyed)
You reach to attack!
You hit the phantom but do no damage.
The phantom is almost destroyed.
You hit the phantom but do no damage.
The phantom is almost destroyed.
The phantom completely misses you.
You hit the phantom. You burn the phantom.
The phantom is almost destroyed.
The phantom barely misses you.
You hit the phantom.
The phantom is almost destroyed.
The phantom hits you!
* * * LOW HITPOINT WARNING * * *
You hit the phantom but do no damage.
The phantom is almost destroyed.
The phantom hits you but does no damage.
You barely miss the phantom.
The phantom is almost destroyed.
The phantom hits you.
* * * LOW HITPOINT WARNING * * *
Your scale mail prevents you from hitting the phantom.
The phantom is almost destroyed.
The phantom hits you.
You die...

.#.###.##
#####........
........#
#....W.......
.#.###.##
#..###....... .#.#
#.# #..# ...####
.#.###.# #..# W'##
.......# #..# .'.
##.##### #..# .#.#
##.# #.W# .#..
...###### #.@#
####....# #..#
#.......# #..#
#.##....#######..#
...####..........#
#.....#.##########
............#
#..##.#.#...#
#.###.#.....#


You could see a phantom.

Vanquished Creatures
  2 orc wizards (D:3)
  3 adders
  2 oozes
  3 worms (D:2)
  A dart slug (D:2)
  2 orcs (D:3)
  6 bats
  2 giant cockroaches (D:2)
  8 hobgoblins
  3 jackals (D:3)
  2 ball pythons (D:2)
  4 frilled lizards
  7 goblins
  3 kobolds
  6 rats
54 creatures vanquished.

Vanquished Creatures (collateral kills)
  A rat (D:3)
1 creature vanquished.

Grand Total: 55 creatures vanquished

Notes
Turn   | Place    | Note
-------+----------+-------------------------------------------
     0 | D:1      | EnegeticOcto the Mummy Chaos Knight began the quest for the
                  | Orb.
     0 | D:1      | Reached XP level 1. HP: 18/18 MP: 1/1
    54 | D:1      | Reached XP level 2. HP: 10/24 MP: 2/2
   345 | D:1      | XOM: cloud trail
   493 | D:1      | XOM: mild Fire miscast
   501 | D:1      | XOM: divination: detect creatures
   907 | D:2      | Found a hide-covered altar of Uskayaw.
   988 | D:2      | Reached skill level 4 in Fighting
  1052 | D:2      | Reached XP level 3. HP: 20/30 MP: 3/3
  1098 | D:2      | XOM: divination: magic mapping
  1255 | D:2      | Found an opulent altar of Gozag.
  1511 | D:2      | Found a faded altar of an unknown god.
  1538 | D:2      | Reached XP level 4. HP: 38/38 MP: 4/4
  1540 | D:2      | Reached skill level 5 in Fighting
  1826 | D:2      | Fell from the grace of Xom
  1826 | D:2      | Became a worshipper of Ashenzari the Shackled
  1826 | D:2      | Reached * piety under Ashenzari
  2290 | D:3      | Reached XP level 5. HP: 25/46 MP: 5/5
  2431 | D:3      | Found a deep blue altar of Sif Muna.
  2461 | D:3      | XOM: medium Tmut miscast
  2608 | D:4      | XOM: noise
  2697 | D:4      | Noticed a phantom
  2771 | D:4      | HP: 1/46 [phantom (7)]
  2774 | D:4      | Slain by a phantom

Levels and vault maps discovered:
D:1:      onia_arrival_pentagram, layout_basic
D:2:      layout_basic, lemuel_crystal_altar, nicolae_overflow_crystal_walls,
          chequers_ecumenical_altar_island, minmay_split_cup_small
D:3:      layout_loops_ring, lemuel_blue_sif_altar, first_ration,
          palyth_stone_intersect
D:4:      layout_basic, kennysheep_mini_moat, lemuel_zombie_altar_kikubaaqudgha,
          overflow_temple_1_default, st_stairs_14, uniq_edmund

Skill      XL: |  1  2  3  4 |
---------------+-------------+-----
Fighting       | 4 5 |  5.9
Polearms       | |  2.4
Armour         | |  1.5
Dodging        | |  0.7

Action                   |  1- 3 |  4- 6 || total
-------------------------+-------+-------++-------
Melee: Spear             |   127 |   122 ||   249
 Stab: Paralysed         |     2 |     4 ||     6
       Petrified         |     5 |       ||     5
       Sleeping          |     4 |       ||     4
       Petrifying        |     1 |       ||     1
       Confused          |       |     1 ||     1
Armor: Leather armour    |    11 |       ||    11
       Scale mail        |     8 |    49 ||    57
Dodge: Dodged            |    38 |    36 ||    74

Table legend:
 A = Non-vault XP
 B = Vault XP
 C = Vault XP percentage of total XP
 D = Non-vault monster count
 E = Vault monster count
 F = Vault count percentage of total count
                 A         B        C        D         E       F
            +---------+---------+-------+---------+---------+-------
      Total |     218 |       5 |   2.2 |      52 |       3 |   5.5
            +---------+---------+-------+---------+---------+-------
        D:1 |      25 |       0 |   0.0 |      13 |       0 |   0.0
        D:2 |      85 |       5 |   5.6 |      28 |       3 |   9.7
        D:3 |     108 |       0 |   0.0 |      11 |       0 |   0.0
            +---------+---------+-------+---------+---------+-------
